 Dungeon Crawl Stone Soup version 0.31.0-32-g396128a36d (webtiles) character file.

Game seed: 11856324640308916166

3299 Hnaef the Nimble (level 9, -9/41 HPs)
             Began as a Felid Shapeshifter on Apr 11, 2024.
             Was a Priest of Elyvilon.
             Mangled by a hornet (12 damage)
             ... while paralysed by a hornet
             ... on level 9 of the Dungeon.
             The game lasted 00:27:23 (7622 turns).

Hnaef the Nimble (Felid Shapeshifter)               Turns: 7622, Time: 00:27:23

Health: -9/41      AC:  2    Str: 10    XL:     9   Next: 70%
Magic:  10/10      EV:  4    Int: 16    God:    Elyvilon [***...]
Gold:   522        SH:  0    Dex: 18    Spells: 8/8 levels left
                                        Lives:  0   Deaths: 2

rFire   . .          .
                       - Unarmed
rCold   + . .        (shield unavailable)
rNeg    . . .        (body armour unavailable)
rPois   .            (helmet unavailable)
rElec   .            (cloak unavailable)
rCorr   .            (gloves unavailable)
SInv    +            (boots unavailable)
Will    +....        i - amulet of regeneration
Stlth   +++          e - ring of flight
HPRegen 1.06/turn    y - ring of protection from cold
MPRegen 0.12/turn

%: no passive effects
@: paralysed, lethally poisoned (-9 -> -15), beast-form, flying, slowed
A: beast (slay +4), very small, claws 1, fangs 3, see invisible, shaggy fur 2,
stealthy paws, no weapons or thrown items, no armour, multi-lived
a: Begin Untransformation, Renounce Religion, Purification, Heal Other, Heal
Self


You were on level 9 of the Dungeon.
You worshipped Elyvilon.
Elyvilon was most pleased with you.
You were a hulking beast.
You visited 2 branches of the dungeon, and saw 10 of its levels.

You collected 522 gold pieces.

Inventory:

Jewellery
 e - a ring of flight (left paw)
 i - an amulet of regeneration (around neck)
 l - a ring of resist corrosion
 p - a ring of magical power
 y - a ring of protection from cold (right paw)
Talismans
 b - a beast talisman (active)
 c - a flux talisman
 f - a blade talisman
 x - a maw talisman
Wands
 a - a wand of mindburst (1)
 o - a wand of roots (2)
 r - a wand of paralysis (4)
 w - a wand of flame (16)
Scrolls
 g - a scroll of fog {unknown}
 h - a scroll of enchant weapon {unknown}
 j - a scroll of silence {unknown}
 k - a scroll of noise {unknown}
 m - 3 scrolls of revelation
 n - 3 scrolls of summoning {unknown}
 q - 5 scrolls of teleportation {unknown}
 t - a scroll of blinking {unknown}
Potions
 d - a potion of resistance
 s - 2 potions of curing {unknown}
 u - a potion of heal wounds {unknown}
 z - a potion of berserk rage {unknown}


   Skills:
 - Level 1.0 Fighting
 + Level 11.9 Dodging
 - Level 5.0 Stealth
 - Level 5.0 Unarmed Combat
 + Level 8.0 Shapeshifting


You had 8 spell levels left.
You didn't know any spells.
Your spell library contained the following spells:

 Spells                   Type           Power      Damage    Failure   Level
 Ensorcelled Hibernation  Hex/Ice        0%         N/A       36%         2
 Jinxbite                 Hex            0%         N/A       36%         2
 Fugue of the Fallen      Necr           0%         N/A       58%         3
 Passwall                 Erth           0%         N/A       58%         3
 Swiftness                Air            0%         N/A       58%         3
 Anguish                  Hex/Necr       0%         N/A       94%         4
 Animate Dead             Necr           0%         N/A       94%         4
 Vhi's Electric Charge    Tloc/Air       0%         N/A       94%         4
 Arcjolt                  Conj/Air       0%         1d10      100%        5
 Borgnjor's Vile Clutch   Necr/Erth      0%         N/A       100%        5
 Summon Forest            Summ/Tloc      0%         N/A       100%        5
 Summon Mana Viper        Hex/Summ       0%         N/A       100%        5
 Yara's Violent Unravell  Hex/Alch       0%         3d3       100%        5
 Death Channel            Necr           0%         N/A       100%        6
 Plasma Beam              Fire/Air       0%         2x1d10    100%        6
 Summon Cactus Giant      Summ           0%         N/A       100%        6
 Enfeeble                 Hex            0%         N/A       100%        7


Dungeon Overview and Level Annotations

Branches:
Dungeon (9/15)             Temple (1/1) D:6
   Lair: D:8-11         Orc: D:9-12

Altars:
Ashenzari
Cheibriados
Dithmenos
Elyvilon
Fedhas
Gozag
Hepliaklqana
Kikubaaqudgha
Makhleb
Nemelex Xobeh
Okawaru
Sif Muna
Trog
Uskayaw
Vehumet
Wu Jian
Xom
Zin
The Shining One


Innate Abilities, Weirdness & Mutations

You are a hulking beast.
Your limbs bulge with bestial killing power. (Slay +4)
You have sharp claws.
You have razor-sharp teeth.
You have supernaturally acute eyesight. (SInv)
You are covered in thick fur. (AC +2)
Your paws help you pounce on unaware monsters.
You are incapable of wielding weapons or throwing items.
You cannot wear armour.
You gain extra lives every three experience levels.


Message History

You miss the hornet.
The hornet is moderately wounded.
You feel sick.
The hornet stings you but does no damage.
You scratch the hornet but do no damage.
Your bite misses the hornet.
The hornet is moderately wounded.
You feel sick. The hornet misses you.
You scratch the hornet. Your bite misses the hornet.
The hornet is moderately wounded.
The hornet misses you. The hornet barely misses you.
You closely miss the hornet.
The hornet is moderately wounded.
You feel sick. The hornet completely misses you.
You scratch the hornet.
The hornet is heavily wounded.
You feel sick.
You are no longer poisoned.
The hornet completely misses you.
You scratch the hornet.
The hornet is heavily wounded.
The hornet stings you.
You are poisoned.
You feel yourself slow down. The hornet completely misses you.
You claw the hornet! You bite the hornet.
The hornet is severely wounded.
You feel yourself speed up.
You feel very sick. The hornet completely misses you.
The hornet closely misses you.
You closely miss the hornet.
The hornet is severely wounded.
You feel sick. The hornet stings you.
You suddenly lose the ability to move!
You feel sick. The hornet stings you!
* * * LOW HITPOINT WARNING * * *
You are lethally poisoned!
You feel yourself slow down.
* * * LOW HITPOINT WARNING * * *
You feel very sick. The hornet stings you!
You die...

#...#### .. #....... .#
#####.#.#..###.# ...#........#.#
..........#.#.# ###
#.<.........#.##.. ##)##
#...........†..... #.#.##
#y##.##.....y.#... .###.##
#h##........#..... ## ##.######
#.##.......###.#.. # ##.....#
#.##.##.#### .# . ## ##.##...###
#.......# .# .###.#.......#
###...### . #.#.##.......## #...#
# ##..##........# #...#
..#.##.#...##.####...############
..#........##............#......>


You could see a hornet.

Vanquished Creatures
  Maggie (D:7)
  Jeremiah (D:9)
  A wraith (D:9)
  A water moccasin (D:9)
  2 orc warriors
  2 sky beasts
  2 ogres
  An ice beast (D:6)
  3 phantoms
  A kobold brigand (D:9)
  2 bullfrogs
  A gnoll sergeant (D:8)
  3 scorpions
  4 wights (D:8)
  2 howler monkeys (D:7)
  2 bombardier beetles
  2 hounds
  2 jellies
  5 orc priests
  Crazy Yiuf (D:3)
  A gnoll bouda (D:8)
  Terence (D:2)
  An iguana (D:4)
  5 orc wizards
  Robin (D:2)
  14 gnolls
  4 adders
  A shadow imp (D:7)
  5 white imps
  4 ufetubi
  5 dart slugs
  3 ribbon worms
  25 orcs
  5 ball pythons
  4 endoplasms
  2 giant cockroaches
  19 goblins
  4 hobgoblins
  2 jackals (D:1)
  13 kobolds
  4 quokkas
  6 bats
  6 frilled lizards
  7 rats
181 creatures vanquished.

Notes
Turn   | Place    | Note
-------+----------+-------------------------------------------
     0 | D:1      | Hnaef the Felid Shapeshifter began the quest for the Orb.
     0 | D:1      | Reached XP level 1. HP: 10/10 MP: 2/2
   130 | D:1      | Reached skill level 1 in Stealth
   182 | D:1      | Reached XP level 2. HP: 14/14 MP: 3/3
   574 | D:1      | Reached XP level 3. HP: 18/18 MP: 4/4
   999 | D:2      | Noticed Robin
  1114 | D:2      | Noticed Terence
  1127 | D:2      | Killed Terence
  1128 | D:2      | Reached XP level 4. HP: 22/22 MP: 5/5
  1128 | D:2      | Gained a life (2 lives remaining)
  1272 | D:2      | Found a snail-covered altar of Cheibriados.
  1504 | D:2      | Killed Robin
  1894 | D:3      | Reached XP level 5. HP: 25/25 MP: 6/6
  2205 | D:3      | You are sucked into a shaft and drop 3 floors!
  2217 | D:5      | Entered Level 5 of the Dungeon
  2226 | D:5      | Reached skill level 5 in Stealth
  2291 | D:4      | Noticed a phantom
  2293 | D:4      | Reached skill level 5 in Unarmed Combat
  2325 | D:4      | Noticed an ogre
  2409 | D:4      | Killed a phantom
  2410 | D:4      | Reached skill level 3 in Dodging
  2410 | D:4      | Gained mutation: You are covered in thick fur. (AC +2)
                  | [Felid growth]
  2410 | D:4      | Reached XP level 6. HP: 20/30 MP: 7/7
  2609 | D:3      | Reached skill level 4 in Dodging
  2761 | D:3      | Found a faded altar of an unknown god.
  2983 | D:3      | Found a runed translucent door.
  2984 | D:3      | Noticed Crazy Yiuf
  2992 | D:3      | Killed Crazy Yiuf
  3227 | D:4      | Reached skill level 5 in Dodging
  3258 | D:4      | Reached XP level 7. HP: 28/33 MP: 8/8
  3743 | D:5      | Reached skill level 6 in Dodging
  4543 | D:6      | Found the +3 warlock's mirror {omnireflect}
  4568 | D:6      | Found a staircase to the Ecumenical Temple.
  4574 | Temple   | Entered the Ecumenical Temple
  4580 | Temple   | Became a worshipper of Elyvilon the Healer
  4747 | D:6      | Reached skill level 7 in Dodging
  4747 | D:6      | Reached skill level 5 in Shapeshifting
  4871 | D:6      | Reached XP level 8. HP: 37/37 MP: 9/9
  5184 | D:6      | Reached * piety under Elyvilon
  5421 | D:7      | Reached skill level 8 in Dodging
  6010 | D:6      | Reached skill level 9 in Dodging
  6187 | D:7      | Reached ** piety under Elyvilon
  6224 | D:7      | Noticed Maggie
  6241 | D:7      | Killed Maggie
  6360 | D:8      | Reached skill level 10 in Dodging
  6360 | D:8      | Reached XP level 9. HP: 13/41 MP: 10/10
  6471 | D:8      | Killed from afar by an orc priest
  6471 | D:8      | Lost a life (1 life remaining)
  6918 | D:8      | Found a radiant altar of Vehumet.
  6931 | D:8      | Found a sparkling altar of Nemelex Xobeh.
  7044 | D:8      | Reached skill level 11 in Dodging
  7249 | D:9      | Noticed Jeremiah
  7268 | D:9      | HP: 2/51 [Jeremiah/divine providence (16)]
  7270 | D:9      | Killed Jeremiah
  7385 | D:9      | Reached *** piety under Elyvilon
  7406 | D:9      | Paralysed by a hornet for 1 turns
  7407 | D:9      | Slain by a hornet
  7407 | D:9      | Lost a life (0 lives remaining)
  7620 | D:9      | Paralysed by a hornet for 3 turns
  7622 | D:9      | Mangled by a hornet

Illustrated notes

Levels and vault maps discovered:
D:1:      giann_horns, layout_basic
D:2:      layout_basic, basic_altar, kennysheep_nondescript, uniq_robin,
          uniq_terence
D:3:      cheibrodos_pilgrimage, layout_basic, shapermc_ecumenical_altar_petra,
          uniq_crazy_yiuf_cottage
D:4:      layout_rooms, minmay_small_thing
D:5:      layout_gridville, fountainhead, kennysheep_small_spiral
D:6:      layout_basic, minmay_temple_entry_arrows
D:7:      layout_cave_pools, serial_park, serial_park_avenue1,
          serial_park_tiny_2, serial_park_avenue1, serial_park_square1
          [serial_park_minivault_5x5_3], serial_park_tiny_2, uniq_maggie
D:8:      layout_basic, mainiacjoe_overflow_catwalk_spiral
D:9:      layout_loops_cross, david_lair_generic, hiddenorc1_lemuel,
          eino_tiny_chamber, uniq_jeremiah
Temple:   nicolae_temple_x_marks_the_god

Skill      XL: |  1  2  3  4  5  6  7  8  9 |
---------------+----------------------------+-----
Stealth        | 1 2 3 4 5 |  5.0
Unarmed Combat | 4 5 |  5.0
Dodging        | 3 5 7 10 11 | 11.9
Shapeshifting  | 3 4 5 6 8 |  8.0
Fighting       | |  1.0

Action                     |  1- 3 |  4- 6 |  7- 9 || total
---------------------------+-------+-------+-------++-------
  Melee: Unarmed           |    79 |   181 |   303 ||   563
         Bite              |     5 |    19 |    47 ||    71
         Punch             |     1 |     5 |    12 ||    18
  Evoke: Wand              |       |       |    28 ||    28
    Use: Scroll            |       |       |     4 ||     4
         Potion            |       |       |     2 ||     2
   Stab: Sleeping          |     3 |     8 |     6 ||    17
 Armour: Skin              |    14 |    57 |    93 ||   164
  Dodge: Dodged            |    49 |    98 |   279 ||   426
   Form: Beast             |       |       |     1 ||     1
         Flux              |       |       |     1 ||     1
